 Dungeon Crawl Stone Soup version 0.18.1-50-g88ac8fd (webtiles) character file.

24 Dfrag the Conjurer (level 2, 9/19 HPs)
             Began as a Demonspawn Conjurer on Feb 24, 2018.
             Quit the game on level 1 of the Dungeon.
             The game lasted 00:02:05 (765 turns).

Dfrag the Conjurer (Demonspawn Conjurer)             Turns: 765, Time: 00:02:05

Health: 9/19       AC:  4    Str:  8    XL:     2   Next: 79%
Magic:  0/5        EV: 12    Int: 16    God:
Gold:   40         SH:  0    Dex: 13    Spells: 2 memorised, 3 levels left

rFire  . . .     SeeInvis +     (no weapon)
rCold  . . .     Gourm    .     a - +0 robe
rNeg   . . .     Faith    .     (no shield)
rPois  .         Spirit   .     (no helmet)
rElec  .         Dismiss  .     (no cloak)
rCorr  .         Reflect  .     (no gloves)
SustAt .         Harm     .     (no boots)
MR     .....                    (no amulet)
Stlth  ++........               (no ring)
                                e - ring of see invisible

@: not resistant to hostile enchantments, unstealthy
A: thin metallic scales 1
a: no special abilities


You were on level 1 of the Dungeon.
You were not hungry.

You visited 1 branch of the dungeon, and saw 2 of its levels.

You collected 40 gold pieces.

Inventory:

Armour
 a - a +0 robe (worn)
Jewellery
 e - a ring of see invisible (left hand)
Scrolls
 j - a scroll of remove curse {unknown}
 k - a scroll of amnesia {unknown}
 l - a scroll of recharging {unknown}
 m - a scroll of immolation {unknown}
 n - a scroll of magic mapping {unknown}
Potions
 d - a potion of berserk rage {unknown}
 g - a potion of haste {unknown}
 h - a potion of brilliance {unknown}
Books
 b - a book of Conjurations

   Spells                             Type                      Level
   a - Magic Dart                     Conjuration                  1
   b - Searing Ray                    Conjuration                  2
   c - Dazzling Spray                 Conjuration/Hexes            3
   d - Fulminant Prism                Conjuration/Hexes            4
   e - Iskenderun's Mystic Blast      Conjuration                  4
   f - Iskenderun's Battlesphere      Conjuration/Charms           5
Comestibles
 c - a bread ration
 f - a beef jerky
 i - a meat ration


   Skills:
 - Level 1.7 Dodging
 - Level 1.7 Stealth
 + Level 2.6 Spellcasting
 + Level 4.4 Conjurations


You had 3 spell levels left.
You knew the following spells:

 Your Spells              Type           Power        Failure   Level  Hunger
a - Magic Dart            Conj           ###.         3%          1    #......
b - Searing Ray           Conj           ###...       6%          2    ##.....


Dungeon Overview and Level Annotations

Branches:
Dungeon (2/15)

Altars:
Okawaru

Annotations:
D:1 Ijyb


Innate Abilities, Weirdness & Mutations

You are partially covered in thin metallic scales (AC +2).


Message History

Aiming: Searing Ray
Press: ? - help, Shift-Dir - straight line, f/p - Ijyb
Aim: Ijyb, wielding a club and wearing a glowing chain mail You miscast Searing Ray.
You are very lightly contaminated with residual magic.
Your skin glows momentarily.
Your magical contamination has completely faded away.
Casting: Searing Ray
Confirm with . or Enter, or press ? or * to list all spells.
Aiming: Searing Ray
Press: ? - help, Shift-Dir - straight line, f/p - Ijyb
Aim: Ijyb, wielding a club and wearing a glowing chain mail The searing ray hits Ijyb.
The searing ray misses Ijyb.
Ijyb hits you but does no damage.
The searing ray hits Ijyb.
Ijyb hits you but does no damage.
The searing ray hits Ijyb.
Ijyb is moderately wounded.
Ijyb closely misses you.
An adder comes into view.
Are you sure you want to abandon this character and quit the game? (Confirm with "yes".)

.##.# ###>#...#...## .##.#
#......###S..## .##.#
#.#.....S.....# .##.#
#.#..#.).).#..# .##.#
#.#.##.._..##.###
.##.####....#.).).#....##########
.....................#...........
###..g....#...###...#############
######..##...#@g.## #.......# #
### #..###......####.......# #
..# #..# ###...............###
#.# #..# #########.......... #.#
#..# #.......##. #.# #..#
#.......##. #.######..#
#.......##. ..........#
########### #.#######.#
#.........


You could see Ijyb and an adder (wandering).

Vanquished Creatures
  An adder (D:2)
  2 goblins (D:1)
  2 hobgoblins (D:1)
  4 jackals (D:1)
  2 kobolds (D:1)
  A bat (D:1)
  A giant newt (D:1)
13 creatures vanquished.

Notes
Turn   | Place    | Note
--------------------------------------------------------------
     0 | D:1      | Dfrag the Demonspawn Conjurer began the quest for the Orb.
     0 | D:1      | Reached XP level 1. HP: 13/13 MP: 3/3
    28 | D:1      | Found an iron altar of Okawaru.
   268 | D:1      | Gained mutation: You are partially covered in thin metallic scales (AC +2). [demonic ancestry]
   268 | D:1      | Reached XP level 2. HP: 5/19 MP: 0/5
   598 | D:2      | Noticed Ijyb
   706 | D:1      | Learned a level 2 spell: Searing Ray
   765 | D:1      | Quit the game

Action                   || total
-------------------------++-------
Melee: Unarmed           ||    29
 Cast: Magic Dart        ||    28
       Searing Ray       ||     1
Armor: Robe              ||    12
Dodge: Dodged            ||    34
